 Dungeon Crawl Stone Soup version 0.20.1-1-g8b1a95d (webtiles) character file.

605 KoningWillie the Ruffian (level 7, 0/67 HPs)
             Began as a Troll Monk on Sept 24, 2017.
             Was a Believer of Trog.
             Slain by a gnoll
             ... wielding a +0 spear
              (3 damage)
             ... on level 4 of the Dungeon.
             The game lasted 00:09:55 (3715 turns).

KoningWillie the Ruffian (Troll Monk)               Turns: 3715, Time: 00:09:56

Health: 0/67       AC:  6    Str: 24    XL:     7   Next: 19%
Magic:  6/6        EV: 11    Int:  6    God:    Trog [**....]
Gold:   39         SH:  0    Dex: 13    Spells: 6/6 levels left

rFire    . . .     SeeInvis .     - Unarmed
rCold    . . .     Gourm    +   (no shield)
rNeg     . . .     Faith    .   a - +1 robe
rPois    .         Spirit   .   (helmet restricted)
rElec    .         Reflect  .   (no cloak)
rCorr    .         Harm     .   (gloves unavailable)
MR       .....                  (boots unavailable)
Stlth    ++........             g - amulet of regeneration
Regen    1.1/turn               e - +3 ring of strength
MPRegen  0.1/turn               (no ring)

@: about to teleport, very slightly contaminated
A: unfitting armour, claws 3, fast metabolism 3, gourmand, regeneration 1,
shaggy fur 1, tough skin 2
a: Berserk, Trog's Hand, Burn Spellbooks, Renounce Religion


You were on level 4 of the Dungeon.
You worshipped Trog.
Trog was pleased with you.
You were not hungry.

You visited 1 branch of the dungeon, and saw 5 of its levels.

You collected 243 gold pieces.
You spent 204 gold pieces at shops.

Inventory:

Armour
 a - a +1 robe (worn)
Jewellery
 e - a +3 ring of strength (left claw)
 g - an amulet of regeneration (around neck)
 r - an uncursed ring of magical power {unknown}
 w - an uncursed ring of positive energy {unknown}
 x - an uncursed ring of fire {unknown}
Scrolls
 d - a scroll of blinking
 h - 3 scrolls of remove curse
 k - 3 scrolls of amnesia
 o - a scroll of random uselessness {unknown}
 s - a scroll of immolation {unknown}
 u - a scroll of recharging {unknown}
Potions
 c - a potion of curing {unknown}
 f - a potion of flight {unknown}
 j - 2 potions of mutation {unknown}
 m - a potion of degeneration {unknown}
 n - a potion of berserk rage {unknown}
 p - a potion of lignification {unknown}
 q - a potion of agility
 v - 4 potions of heal wounds {unknown}
 z - a potion of brilliance {unknown}
Books
 l - a book of Misfortune

   Spells                             Type                      Level
   a - Confusing Touch                Hexes                        1
   b - Confuse                        Hexes                        3
   c - Gell's Gravitas                Translocation                3
   d - Petrify                        Transmutation/Earth          4
   e - Metabolic Englaciation         Hexes/Ice                    5
   f - Yara's Violent Unravelling     Hexes/Transmutation          5
   Trog disapproves of the use of such an item.
Comestibles
 b - 2 bread rations
 t - a royal jelly
 A - a fruit


   Skills:
 * Level 3.4 Fighting
 + Level 3.8 Dodging
 * Level 1.7 Stealth
 + Level 6.4 Unarmed Combat


You had 6 spell levels left.
You didn't know any spells.

Dungeon Overview and Level Annotations

Branches:
Dungeon (5/15)
 Temple: D:4-7

Altars:
Cheibriados
Dithmenos
Elyvilon
Gozag
Hepliaklqana
Ru
Trog

Shops:
D:4 (=

Annotations:
D:5 Jannitor's ghost, novice VSCK


Innate Abilities, Weirdness & Mutations

You are too large for most types of armour.
You have claws for hands.
Your metabolism is lightning-fast.
You like to eat raw meat.
Your natural rate of healing is unusually fast.
You are covered in fur. (AC +1)
You have very tough skin. (AC +2)


Message History

The gnoll hits you with a spear.
You barely miss the ogre. The ogre hits you with a giant club!
The orc barely misses you. The gnoll closely misses you.
You barely miss the ogre. The orc barely misses you.
You mangle the ogre!!
The ogre is almost dead.
You hear a shout!
The ogre hits you with a giant club!!
* * * LOW HITPOINT WARNING * * *
The gnoll completely misses you.
You barely miss the ogre.
The ogre is almost dead.
The orc completely misses you. The gnoll hits you but does no damage.
The ogre hits you with a giant club!
* * * LOW HITPOINT WARNING * * *
As you read the scroll of teleportation, it crumbles to dust.
You feel strangely unstable. The orc hits you but does no damage.
The gnoll barely misses you. The ogre closely misses you. The orc misses you.
The gnoll hits you with a spear.
You die...

#...........#...###.##.# ##
.##..####.#.......#.##.#### #.
###..# #.#...............# #.
###.## ###.........##.# #. ....#
####......#..##.## ## #.### #
#............#...###### #.# #.
#....##......[.#.....##
#.######.##.....#Og.#.##.[.###.##
#....§........_.@...g.##[..###.##
#######.....#...go##..##.........
# #.#...##....##.####.####.##
#.#.........#### #.# #.##
#.#......##########.# #.##
#.#......## ##....#.####.##
#.######..# #.......<.†>.## #.#
##.# #####.#.####### #.#
#.#######.#.#######


You could see an ogre, a gnoll shaman, 2 gnolls and an orc.

Vanquished Creatures
  A centaur (D:5)
  A hound (D:4)
  4 orc wizards
  2 iguanas (D:5)
  4 worker ants (D:4)
  A hound skeleton (D:4)
  3 adders
  2 howler monkey skeletons (D:4)
  6 gnolls
  2 oozes
  A dart slug (D:3)
  4 leopard geckos
  11 orcs
  A ball python (D:1)
  4 giant cockroaches
  12 goblins
  8 hobgoblins
  4 jackals
  16 kobolds
  3 bats
  6 frilled lizards
  6 rats
102 creatures vanquished.

Notes
Turn   | Place    | Note
-------+----------+-------------------------------------------
     0 | D:1      | KoningWillie the Troll Monk began the quest for the Orb.
     0 | D:1      | Reached XP level 1. HP: 22/22 MP: 0/0
    61 | D:1      | Reached XP level 2. HP: 29/29 MP: 1/1
   400 | D:1      | Reached XP level 3. HP: 36/36 MP: 2/2
   847 | D:2      | Found an opulent altar of Gozag.
   867 | D:2      | Reached skill level 4 in Unarmed Combat
   946 | D:2      | Found a sacrificial altar of Ru.
  1073 | D:2      | Reached XP level 4. HP: 24/44 MP: 3/3
  1294 | D:2      | Found a shadowy altar of Dithmenos.
  1923 | D:3      | Reached skill level 5 in Unarmed Combat
  1923 | D:3      | Reached XP level 5. HP: 50/50 MP: 4/4
  1948 | D:3      | Found a snail-covered altar of Cheibriados.
  1952 | D:3      | Found a white marble altar of Elyvilon.
  2546 | D:4      | Noticed an ogre
  2698 | D:4      | Found a hazy altar of Hepliaklqana.
  2780 | D:4      | Reached XP level 6. HP: 50/61 MP: 5/5
  2810 | D:4      | Found Igremm's Jewellery Boutique.
  2826 | D:4      | Bought a +3 ring of strength for 204 gold pieces
  3062 | D:5      | Entered Level 5 of the Dungeon
  3147 | D:5      | Found a bloodstained altar of Trog.
  3152 | D:5      | Became a worshipper of Trog the Wrathful
  3152 | D:5      | Reached * piety under Trog
  3152 | D:5      | Reached ** piety under Trog
  3160 | D:5      | Noticed Jannitor's ghost (novice VSCK)
  3204 | D:5      | Reached skill level 6 in Unarmed Combat
  3252 | D:5      | Reached XP level 7. HP: 61/67 MP: 6/6
  3410 | D:5      | Noticed a hand axe
  3412 | D:5      | Noticed a hand axe
  3514 | D:4      | Found Poerof's Antique Weapon Boutique.
  3713 | D:4      | HP: 1/67 [ogre/giant club (17)]
  3715 | D:4      | Slain by a gnoll

Skill      XL: |  1  2  3  4  5  6 |
---------------+-------------------+-----
Unarmed Combat | 4 5 6 |  6.4
Dodging        | 3 |  3.8
Fighting       | 3 |  3.4
Stealth        | |  1.7

Action                   |  1- 3 |  4- 6 |  7- 9 || total
-------------------------+-------+-------+-------++-------
Melee: Unarmed           |    83 |   138 |    41 ||   262
       Punch             |     1 |     3 |       ||     4
  Use: Scroll            |       |     7 |     2 ||     9
       Potion            |       |     1 |       ||     1
 Stab: Sleeping          |     1 |     3 |     1 ||     5
       Distracted        |       |     1 |     1 ||     2
  Eat: Chunk             |     6 |     2 |     4 ||    12
       Meat ration       |     1 |     1 |       ||     2
       Bread ration      |       |     2 |       ||     2
Armor: Robe              |    31 |    63 |    15 ||   109
Dodge: Dodged            |    45 |   100 |    30 ||   175
